AoeStats
← tarepo

Black Forest

510058143Analyzed
4v4 RM · 1d ago on Sep 29, 2026· 50m 2s· 8 players
Game mode
Random Map
Map size
Large (8 player)
Population
200
Speed
Normal
Resources
Standard
Victory
Conquest
Starting age
Dark Age
Ending age
Imperial Age
RankedLock teamsTeams togetherTeam positionsShared explorationLock speedFull tech treeHidden civsTurbo modeCheats
Victory
Defeat
🇷🇴 Vietnamese · Romania
866
+10
730
+16
🇨🇳 Muisca · China
691
+17
🇨🇳 Turks · China
673
+18
🇨🇳 Danes · China
784
-18
🇵🇹 Vietnamese · Portugal
736
-16
🇺🇾 Romans · Uruguay
721
-15
🇨🇭 Spanish · Switzerland
651
-12
Bo, James Bo
3:38 Loom
11:34 Feudal Age
14:01 Wheelbarrow
14:03 Town Watch
17:12 Castle Age
15:47 Double-Bit Axe
18:33 Town Patrol
18:52 Forging
19:33 Bow Saw
20:53 Horse Collar
21:08 Gold Mining
27:16 Pikeman
28:43 Scale Mail Armor
36:37 Imperial Age
35:18 Iron Casting
35:41 Squires
36:29 Chain Mail Armor
36:20 Scale Barding Armor
37:42 Hand Cart
39:31 Chemistry
39:29 Ballistics
39:33 Chain Barding Armor
40:13 Blast Furnace
39:59 Conscription
40:01 Comitatenses
40:49 Siege Engineers
40:12 Man-at-Arms
40:54 Halberdier
42:30 Gold Shaft Mining
41:46 Stone Mining
42:37 Plate Barding Armor
42:02 Murder Holes
42:17 Masonry
42:15 Husbandry
42:52 Ballistas
44:07 Bloodlines
44:10 Heavy Scorpion
47:42 Elite Centurion
taiko
0:46 Loom
11:58 Feudal Age
13:19 Wheelbarrow
12:37 Double-Bit Axe
13:54 Gold Mining
15:28 Town Watch
16:09 Horse Collar
23:18 Castle Age
22:05 Stone Mining
22:30 Man-at-Arms
24:15 Thumb Ring
24:13 Husbandry
24:40 Hand Cart
27:55 Pikeman
31:50 Bow Saw
31:43 Heavy Plow
32:21 Stone Shaft Mining
33:00 Padded Archer Armor
33:57 Elite Skirmisher
36:00 Ballistics
36:16 Squires
36:02 Arson
37:38 Leather Archer Armor
37:14 Fletching
37:27 Scale Mail Armor
37:38 Forging
42:19 Imperial Age
41:41 Bodkin Arrow
43:33 Paper Money
44:22 Chemistry
42:52 Halberdier
44:32 Imperial Skirmisher
48:24 Chatras
tarepo
7:37 Loom
12:01 Feudal Age
16:38 Castle Age
15:01 Double-Bit Axe
15:10 Horse Collar
15:24 Gold Mining
16:30 Wheelbarrow
15:51 Stone Mining
17:56 Bow Saw
21:17 Wheelbarrow
23:13 Town Watch
25:10 Heavy Plow
27:41 Hand Cart
27:56 Hand Cart
28:30 Stone Shaft Mining
31:35 Imperial Age
30:16 Caravan
33:45 Two-Man Saw
33:14 Conscription
34:01 Onager
35:46 Chemistry
34:59 Masonry
34:45 Murder Holes
35:05 Cavalier
35:45 Husbandry
35:56 Bloodlines
37:53 Scale Barding Armor
37:59 Forging
37:44 Paladin
39:41 Gambesons
39:17 Man-at-Arms
41:25 Long Swordsman
41:34 Light Cavalry
43:30 Chain Barding Armor
43:10 Scale Mail Armor
43:46 Iron Casting
43:03 Fletching
43:13 Padded Archer Armor
44:12 Two-Handed Swordsman
46:16 Plate Barding Armor
46:57 Chain Mail Armor
47:43 Blast Furnace
46:53 Squires
47:19 Fortified Wall
48:01 Guard Tower
48:42 Architecture
47:59 Arrowslits
48:34 Ballistics
49:43 Keep
JOE
0:32 Loom
12:08 Feudal Age
18:57 Castle Age
18:25 Horse Collar
18:34 Double-Bit Axe
18:43 Stone Mining
18:44 Gold Mining
20:12 Wheelbarrow
31:46 Gold Shaft Mining
33:38 Hand Cart
35:58 Imperial Age
33:48 Hamask
34:45 Bow Saw
34:37 Heavy Plow
35:00 Gambesons
35:37 Arson
36:02 Squires
36:21 Masonry
37:12 Conscription
36:16 Northmen's Fury
38:46 Hand Cart
39:56 Elite Jomsviking
44:33 Scale Mail Armor
44:43 Forging
46:59 Chain Mail Armor
47:19 Iron Casting
48:43 Plate Mail Armor
look my 3 garbag e team noobs,lo
0:28 Loom
12:35 Feudal Age
16:12 Castle Age
14:27 Double-Bit Axe
32:20 Imperial Age
29:36 Town Watch
30:10 Bow Saw
31:38 Chemistry
30:35 Pikeman
31:21 Squires
31:15 Arson
32:29 Wheelbarrow
32:14 Fortified Wall
32:33 Halberdier
34:18 Two-Man Saw
33:53 Hand Cart
34:08 Town Patrol
34:13 Man-at-Arms
35:08 Scale Mail Armor
35:06 Long Swordsman
35:53 Two-Handed Swordsman
37:20 Chain Mail Armor
37:16 Forging
37:14 Champion
39:05 Plate Mail Armor
41:23 Iron Casting
45:00 Blast Furnace
45:33 Houfnice
槑槑
12:46 Feudal Age
14:44 Double-Bit Axe
17:33 Castle Age
15:17 Horse Collar
18:19 Loom
18:37 Heavy Plow
18:49 Bow Saw
20:44 Gold Mining
22:35 Forging
23:39 Bloodlines
24:37 Scale Barding Armor
33:16 Stone Mining
33:17 Gold Mining
34:29 Wheelbarrow
36:44 Hand Cart
39:10 Imperial Age
37:00 Hand Cart
38:26 Gold Shaft Mining
38:48 Padded Archer Armor
39:49 Leather Archer Armor
39:47 Masonry
39:18 Treadmill Crane
39:34 Murder Holes
42:08 Husbandry
42:40 Ring Archer Armor
42:47 Iron Casting
44:37 Elite Janissary
WINGER
0:36 Loom
12:38 Feudal Age
18:27 Castle Age
16:33 Double-Bit Axe
16:53 Horse Collar
17:24 Stone Mining
22:24 Bow Saw
23:14 Heavy Plow
24:05 Gold Mining
24:58 Stone Shaft Mining
31:07 Imperial Age
31:32 Gold Shaft Mining
30:42 Treadmill Crane
31:22 Ballistics
31:08 Padded Archer Armor
30:59 Fletching
32:28 Wheelbarrow
32:58 Chemistry
32:04 Siege Engineers
33:51 Crop Rotation
34:24 Two-Man Saw
34:43 Hand Cart
35:03 Thumb Ring
35:36 Bodkin Arrow
35:56 Leather Archer Armor
36:42 Masonry
37:22 Bracer
37:33 Forging
37:24 Scale Mail Armor
36:50 Elite Temple Guard
38:06 Conscription
37:11 Elite Guecha Warrior
38:12 Onager
39:00 Herbalism
39:37 Hoardings
39:28 Siege Onager
41:16 Iron Casting
40:56 Chain Mail Armor
40:54 Elite Skirmisher
41:50 Imperial Skirmisher
42:46 Heavy Scorpion
44:20 Squires
44:53 Plate Mail Armor
roLynxLynx
0:27 Loom
14:46 Feudal Age
16:11 Horse Collar
16:18 Double-Bit Axe
22:28 Castle Age
21:55 Fletching
22:48 Padded Archer Armor
23:48 Heavy Plow
24:01 Bow Saw
28:06 Wheelbarrow
32:58 Imperial Age
31:03 Bodkin Arrow
31:23 Leather Archer Armor
31:30 Elite Skirmisher
33:22 Ballistics
33:27 Hand Cart
33:04 Town Watch
34:25 Crop Rotation
33:49 Imperial Skirmisher
35:03 Bracer
35:18 Leather Archer Armor
36:46 Masonry
37:04 Thumb Ring
39:05 Two-Man Saw
39:18 Ring Archer Armor
38:57 Thumb Ring
39:13 Squires
38:58 Arson
38:40 Elite Fire Lancer
41:15 Chatras
41:35 Paper Money
41:53 Hoardings
42:04 Forging
41:54 Scale Mail Armor
41:59 Scale Barding Armor
42:31 Capped Ram
Connection lost

Rejoining the realm…

Still unreachable

The connection could not be restored.

Session expired

The server has moved on; the page needs a fresh start.